 Dungeon Crawl Stone Soup version 0.21.1-1-g345015fe64 (webtiles) character file.

280 Oravi the Insei (level 6, -4/43 HPs)
             Began as a Merfolk Transmuter on May 15, 2018.
             Slain by a two-headed ogre
             ... wielding a +0 giant club
              (18 damage)
             ... on level 4 of the Dungeon.
             The game lasted 00:10:57 (3546 turns).

Oravi the Insei (Merfolk Transmuter)                Turns: 3546, Time: 00:10:58

Health: -4/43      AC:  2    Str: 10    XL:     6   Next: 27%
Magic:  9/9        EV: 14    Int: 15    God:
Gold:   131        SH:  0    Dex: 14    Spells: 4/9 levels left

rFire    . . .     SeeInvis .     - Unarmed
rCold    . . .     Gourm    .   (no shield)
rNeg     . . .     Faith    .   b - +0 robe
rPois    .         Spirit   .   (no helmet)
rElec    .         Reflect  .   (no cloak)
rCorr    .         Harm     .   (no gloves)
MR       .....                  (no boots)
Stlth    +.........             (no amulet)
HPRegen  0.14/turn              e - ring of wizardry
MPRegen  0.11/turn              p - +3 ring of slaying

@: no status effects
A: change form in water, swift swim, stealthy swim
a: no special abilities


You were on level 4 of the Dungeon.
You were not hungry.

You visited 1 branch of the dungeon, and saw 4 of its levels.

You collected 131 gold pieces.

Inventory:

Missiles
 a - 63 arrows
Armour
 b - a +0 robe (worn)
 i - a +1 buckler
Jewellery
 e - a ring of wizardry (left hand)
 p - a +3 ring of slaying (right hand)
 t - a +3 ring of protection
Scrolls
 f - a scroll of fear {unknown}
 j - a scroll of enchant armour
 l - a scroll of teleportation {unknown}
 o - a scroll of remove curse
 r - 5 scrolls of magic mapping
Potions
 g - 2 potions of curing
 k - a potion of flight
 m - 5 potions of haste
 q - a potion of berserk rage
Books
 c - a book of Changes

   Spells                             Type                      Level
   a - Beastly Appendage              Transmutation                1
   b - Sticks to Snakes               Transmutation                2
   c - Spider Form                    Transmutation/Poison         3
   d - Ice Form                       Ice/Transmutation            4
   e - Blade Hands                    Transmutation                5
Comestibles
 d - 4 rations


   Skills:
 - Level 1.1 Fighting
 + Level 4.8 Dodging
 * Level 6.2 Unarmed Combat
 - Level 2.0 Spellcasting
 - Level 3.8 Transmutations


You had 4 spell levels left.
You knew the following spells:

 Your Spells              Type           Power        Failure   Level  Hunger
a - Spider Form           Tmut/Pois      #.........   12%         3    ###....
b - Sticks to Snakes      Tmut           ##......     2%          2    ###....


Dungeon Overview and Level Annotations

Branches:
Dungeon (4/15)
 Temple: D:4-7

Altars:
Ashenzari
Qazlal

Annotations:
D:3 Gitz's ghost, amateur DDFi
D:4 Freyura's ghost, amateur HOMo


Message History

The two-headed ogre looks as sick as possible!
The two-headed ogre is heavily wounded.
The two-headed ogre completely misses you.
The two-headed ogre hits you with a giant club!
You hit the two-headed ogre.
The two-headed ogre looks as sick as possible!
The two-headed ogre is heavily wounded.
The two-headed ogre hits you with a giant club!
* * * LOW HITPOINT WARNING * * *
The two-headed ogre closely misses you.
You are too injured to fight recklessly!
Your transformation is almost over.
All of the chunks of flesh in your inventory have rotted away.
Your transformation has ended.
Your +0 robe unmelds from your body.
There is an open door here.
There is a stone staircase leading up here.
The two-headed ogre closely misses you.
The two-headed ogre hits you with a giant club!!
You die...

# # # # ######### # #.......# #
#.......# # #.......# #########
#...@...# ........# #...O...#
........# #.......# ........#
####....# ........# ####.#
........# ####.# .....)####
###....#
.........#####.....############
.........'...........>........#


You could see a two-headed ogre.

Vanquished Creatures
  3 orc priests
  An iguana (D:4)
  An orc wizard (D:4)
  2 worker ants (D:4)
  An ooze (D:3)
  2 worms (D:3)
  A dart slug (D:2)
  6 leopard geckos
  8 orcs
  A ball python (D:2)
  4 bats
  3 giant cockroaches
  3 goblins
  11 hobgoblins
  3 jackals (D:2)
  8 kobolds
  2 quokkas
  4 frilled lizards (D:2)
  A quokka skeleton (D:4)
  5 rats
70 creatures vanquished.

Notes
Turn   | Place    | Note
-------+----------+-------------------------------------------
     0 | D:1      | Oravi the Merfolk Transmuter began the quest for the Orb.
     0 | D:1      | Reached XP level 1. HP: 15/15 MP: 3/3
    74 | D:1      | Found a shattered altar of Ashenzari.
   145 | D:1      | Reached XP level 2. HP: 14/21 MP: 5/5
   762 | D:2      | Reached XP level 3. HP: 25/26 MP: 6/6
   768 | D:2      | Reached skill level 4 in Unarmed Combat
   772 | D:2      | Learned a level 2 spell: Sticks to Snakes
   776 | D:2      | Learned a level 3 spell: Spider Form
  2040 | D:3      | Reached XP level 4. HP: 32/32 MP: 3/7
  2264 | D:3      | Noticed Gitz's ghost (amateur DDFi)
  2320 | D:3      | Reached skill level 5 in Unarmed Combat
  2904 | D:4      | Reached XP level 5. HP: 37/37 MP: 4/8
  3059 | D:4      | Found a stormy altar of Qazlal.
  3156 | D:4      | Noticed Freyura's ghost (amateur HOMo)
  3240 | D:4      | Reached skill level 6 in Unarmed Combat
  3240 | D:4      | Reached XP level 6. HP: 43/43 MP: 5/9
  3511 | D:4      | Noticed a two-headed ogre
  3546 | D:4      | Slain by a two-headed ogre

Skill      XL: |  1  2  3  4  5 |
---------------+----------------+-----
Transmutations | 3 |  3.8
Unarmed Combat | 4 5 6 |  6.2
Dodging        | 3 4 |  4.8
Fighting       | |  1.1
Spellcasting   | |  2.0

Action                   |  1- 3 |  4- 6 || total
-------------------------+-------+-------++-------
Melee: Unarmed           |   128 |    84 ||   212
       Headbutt          |     6 |       ||     6
       Punch             |     1 |       ||     1
 Cast: Beastly Appendage |    11 |       ||    11
       Spider Form       |    14 |    18 ||    32
  Use: Scroll            |       |    10 ||    10
 Stab: Sleeping          |     1 |     1 ||     2
  Eat: Chunk             |     5 |     8 ||    13
Armor: Robe              |    13 |       ||    13
       Skin              |       |     1 ||     1
Dodge: Dodged            |    98 |    64 ||   162
